 Dungeon Crawl Stone Soup version 0.19-a0-811-gf4045fb (webtiles) character file.

189 Stormbringer the Insei (level 5, 0/41 HPs)
             Began as a Mummy Monk on June 28, 2016.
             Slain by a giant frog (5 damage)
             ... in a sewer.
             The game lasted 00:08:45 (3954 turns).

Stormbringer the Insei (Mummy Monk)                 Turns: 3954, Time: 00:08:46

Health: 0/41       AC:  2    Str: 15    XL:     5   Next: 40%
Magic:  5/5        EV: 11    Int:  9    God:
Gold:   51         SH:  0    Dex: 15    Spells: 0 memorised, 4 levels left

rFire  x . .     SeeInvis .       - Unarmed
rCold  + . .     Gourm    .     (no armour)
rNeg   + + +     Faith    .     (no shield)
rPois  ∞         Spirit   .     b - +1 helmet
rElec  .         Dismiss  .     (no cloak)
rCorr  .         Reflect  .     (no gloves)
SustAt .         Harm     .     (no boots)
MR     .....                    (no amulet)
Stlth  +.........               (no ring)
                                (no ring)

@: constricted, not resistant to hostile enchantments, very unstealthy
A: no food or potions, fire vulnerability, cold resistance 1, negative energy
resistance 3, torment resistance, unbreathing
a: no special abilities


You were in a sewer.
You were not hungry.

You visited 1 branch of the dungeon, and saw 3 of its levels.
You also visited: Sewer.

You collected 51 gold pieces.


Innate Abilities, Weirdness & Mutations

You do not eat or drink.
Your flesh is vulnerable to fire.
You are immune to poison.
Your flesh is cold resistant. (rC+)
You are immune to negative energy. (rN+++)
You are immune to unholy pain and torment.
You can survive without breathing.


   Skills:
 - Level 3.0 Fighting
 + Level 4.0 Dodging
 - Level 1.5 Stealth
 - Level 4.0 Unarmed Combat


You had 4 spell levels left.
You didn't know any spells.

Inventory:

Armour
 b - a +1 helmet (worn)
Jewellery
 g - an uncursed amulet of harm {unknown}
Scrolls
 a - 3 scrolls of magic mapping
 c - a scroll of noise {!r}
 d - a scroll of recharging {unknown}
 e - a scroll of remove curse
 h - a scroll of teleportation {@r4}

Dungeon Overview and Level Annotations

Branches:
Dungeon (3/15)

Altars:
Trog

Annotations:
D:3 exclusion: giant frog

▒≈≈≈≈≈≈▒ ▒≈≈≈≈≈≈
▒≈≈≈≈≈≈▒ ▒≈≈≈≈≈≈
▒≈≈≈≈≈≈▒ ▒≈.≈≈.≈
▒≈≈≈≈≈≈▒ ▒.≈)).≈
▒≈≈≈≈≈≈▒ ▒≈.≈.≈≈
▒≈≈≈≈≈≈▒ ▒≈≈≈≈≈≈
▒≈≈≈S≈≈▒ ▒≈≈≈≈≈≈
▒≈SSF≈S▒ ▒≈≈≈≈≈≈
▒≈≈≈MS≈▒ ▒≈≈≈≈≈≈
▒≈≈≈≈≈≈▒▒▒▒▒ ▒≈≈≈≈≈≈
▒...≈.≈▒▒!!▒ ▒≈.≈.≈≈
▒......▒▒!!▒ ▒▒......
▒▒......▒'▒▒▒▒......▒
▒........▒▒........▒
▒▒................▒▒
▒▒..............▒▒
▒▒▒..........▒▒▒


You could see a giant frog, an adder and 4 ball pythons.


Message History

The adder completely misses you! The ball python barely misses you!
The ball python misses you! The ball python bites you!
The ball python barely misses you! x2
The ball python closely misses you! x2; The ball python grabs you!
The ball python constricts you! The adder bites you!
The ball python barely misses you!
The ball python bites you but does no damage! x2
You escape the ball python's grasp!
The giant frog hits you!!! The adder bites you! The ball python bites you!
The ball python misses you!
The ball python closely misses you! x2; The giant frog barely misses you!
The ball python closely misses you! The ball python grabs you!
The ball python constricts you! The adder closely misses you!
The ball python bites you! * * * don't die
* * * Your attempt to break free from the ball python fails, but you feel that another attempt might succeed!
The giant frog hits you!!! * * * don't die
* * * The ball python closely misses you!
The adder closely misses you!
The ball python bites you but does no damage!
The ball python constricts you! The ball python closely misses you!
The giant frog hits you but does no damage!
You escape the ball python's grasp!
The ball python barely misses you! The ball python closely misses you!
The giant frog hits you!!! * * * don't die
* * * The adder barely misses you!
The ball python barely misses you! The ball python misses you!
The giant frog closely misses you! The giant frog completely misses you!
The ball python barely misses you! The ball python grabs you!
The ball python constricts you! The giant frog hits you! rip

Action                   |  1- 3 |  4- 6 || total
-------------------------+-------+-------++-------
Melee: Unarmed           |   168 |   209 ||   377
       Punch             |     2 |     4 ||     6
  Use: Scroll            |     6 |     1 ||     7
 Stab: Sleeping          |     4 |       ||     4
       Distracted        |       |     1 ||     1
Armor: Skin              |    15 |    30 ||    45
Dodge: Dodged            |   114 |   228 ||   342

Vault maps used:
D:1:      lightli_arrival_boilingwater
D:2:      first_bread
D:3:      kennysheep_goblin_castle, bloody_trog, portal_sewer_entry_f
Sewer:    sewer_minmay_w

Notes
Turn   | Place    | Note
--------------------------------------------------------------
     0 | D:1      | Stormbringer the Mummy Monk began the quest for the Orb.
     0 | D:1      | Reached XP level 1. HP: 18/18 MP: 1/1
   469 | D:1      | Reached XP level 2. HP: 20/24 MP: 2/2
   646 | D:1      | Reached skill level 3 in Unarmed Combat
  1166 | D:1      | Reached XP level 3. HP: 15/29 MP: 3/3
  1963 | D:2      | Reached skill level 4 in Unarmed Combat
  2199 | D:3      | Reached XP level 4. HP: 29/35 MP: 4/4
  2264 | D:3      | Found a glowing drain.
  2317 | D:3      | Found a bloodstained altar of Trog.
  2318 | D:3      | Noticed a giant frog
  2494 | Sewer    | Entered a sewer
  2523 | Sewer    | Reached skill level 3 in Dodging
  3236 | Sewer    | Reached XP level 5. HP: 38/41 MP: 5/5
  3729 | Sewer    | Reached skill level 4 in Dodging
  3953 | Sewer    | HP: 4/41 [giant frog (7)]
  3954 | Sewer    | Slain by a giant frog

Vanquished Creatures
  A gnoll (D:3)
  5 adders
  4 river rats (Sewer)
  2 oozes (Sewer)
  A worm (D:3)
  A dart slug (D:1)
  4 giant geckos
  An orc (D:3)
  3 giant cockroaches (D:3)
  6 goblins
  5 hobgoblins
  2 quokkas (D:2)
  8 ball pythons (Sewer)
  6 bats
  4 giant newts
  12 kobolds
  25 rats
90 creatures vanquished.
